 Dungeon Crawl Stone Soup version 0.30-a0-586-g23e55c9e0a (webtiles) character file.

Game seed: 11159033215081988488

4076 drugrobin the Martial Artist (level 9, 0/71 HPs)
             Began as a Demigod Delver on Jan 3, 2023.
             Slain by a centaur
             ... wielding a +0 trident
              (9 damage)
             ... in a bailey.
             The game lasted 00:30:58 (10101 turns).

drugrobin the Martial Artist (Demigod Delver)      Turns: 10101, Time: 00:30:59

Health: 0/71       AC: 15    Str: 13    XL:     9   Next: 76%
Magic:  18/18      EV: 12    Int: 12    God:
Gold:   432        SH:  5    Dex: 27    Spells: 11/16 levels left

rFire   . . .      SeeInvis .    b - +0 sling
rCold   + . .      Faith    .    A - +0 buckler
rNeg    . . .      Spirit   .    q - +7 Kryia's mail coat {PotionHeal*2 rC+}
rPois   .          Reflect  .    g - +0 helmet
rElec   .          Harm     .    C - +0 cloak
rCorr   .          Rampage  .    (no gloves)
Will    .....                    (no boots)
Stlth   ++                       (no amulet)
HPRegen 0.31/turn                (no ring)
MPRegen 0.16/turn                (no ring)

@: no status effects
A: high MP 1, forlorn, divine attributes
a: no special abilities


You were in a bailey.
You visited 1 branch of the dungeon, and saw 7 of its levels.
You also visited: Sewer and Bailey.

You collected 432 gold pieces.

Inventory:

Hand Weapons
 b - a +0 sling (weapon)
 c - the +9 flail "Ygiyp" {flame, Str+2 SInv}
   (You took it off a hobgoblin on level 3 of the Dungeon)

   It burns those it strikes, dealing additional fire damage.
   Str:       It affects your strength (+2).
   SInv:      It lets you see invisible.
 d - a +1 whip of venom
Armour
 g - a +0 helmet (worn)
 j - the +5 robe of Sinaum {rN+ Str+7}
   (You found it on level 2 of the Dungeon)

   Str:       It affects your strength (+7).
   rN:        It protects you from negative energy.
 q - the +7 Kryia's mail coat (worn) {PotionHeal*2 rC+}
   (You found it on level 3 of the Dungeon)

   Potions are twice as effective at healing its wearer.
   rC:        It protects you from cold.
 A - a +0 buckler (worn)
 C - a +0 cloak (worn)
 D - a +0 troll leather armour
Wands
 f - a wand of digging (3)
Scrolls
 h - 2 scrolls of teleportation {unknown}
 i - 3 scrolls of vulnerability {unknown}
 l - a scroll of fog
 o - 8 scrolls of identify {unknown}
 p - a scroll of torment {unknown}
 r - a scroll of magic mapping
 s - 2 scrolls of immolation {unknown}
 t - a scroll of enchant weapon {unknown}
 v - a scroll of noise {unknown}
 y - a scroll of butterflies {unknown}
Potions
 a - a potion of resistance {unknown}
 e - 2 potions of haste
 k - 2 potions of curing
 m - 2 potions of might {unknown}
 u - 2 potions of lignification
 w - a potion of berserk rage {unknown}
 z - a potion of heal wounds {unknown}
 E - a potion of mutation {unknown}


   Skills:
 - Level 4.0 Fighting
 + Level 5.1 Dodging
 - Level 4.5 Stealth
 + Level 11.3 Unarmed Combat
 - Level 4.0 Spellcasting


You had 11 spell levels left.
You knew the following spells:

 Your Spells              Type           Power      Damage    Failure   Level
a - Confusing Touch       Hex            2%         N/A       99%         3
b - Summon Small Mammal   Summ           8%         N/A       83%         1
c - Slow                  Hex            8%         N/A       83%         1

Your spell library contained the following spells:

 Spells                   Type           Power      Damage    Failure   Level
 Apportation              Tloc           4%         N/A       83%         1
 Necrotise                Necr           8%         1d4       83%         1
 Dazzling Flash           Conj/Hex       4%         N/A       99%         3
 Vampiric Draining        Necr           2%         2d6       99%         3
 Agony                    Necr           2%         N/A       100%        5
 Silence                  Hex/Air        1%         N/A       100%        5


Dungeon Overview and Level Annotations

Branches:
Dungeon (7/15)             Temple (0/1) D:7           Sewer (visited)
 Bailey (1/1)

Annotations:
D:2 1 runed translucent door, exclusion: adder, Crazy Yiuf
D:3 Ijyb
D:7 1 transporter


Innate Abilities, Weirdness & Mutations

You have an increased reservoir of magic. (+10% MP)
You shall have no god before yourself.
Your divine heritage dramatically boosts your attributes as you level up.


Message History

You block the centaur's attack. The centaur barely misses you.
You block the centaur's attack. The centaur barely misses you.
The centaur completely misses you. The centaur hits you with a +0 trident.
* * * LOW HITPOINT WARNING * * *
The centaur closely misses you. x2
The centaur kicks you but does no damage.
Unknown command.
Unknown command.
Unknown command.
Unknown command.
The +7 Kryia's mail coat enhances the healing.
You feel better.
The centaur hits you but does no damage.
The centaur completely misses you. The centaur misses you.
The centaur barely misses you.
Unknown command.
Unknown command.
You shoot a sling bullet.
The sling bullet hits the centaur but does no damage.
The centaur is severely wounded.
The centaur hits you but does no damage.
You block the centaur's attack. The centaur closely misses you.
The centaur barely misses you. You block the centaur's attack.
The centaur kicks you but does no damage.
The centaur hits you with a +0 halberd.
The centaur kicks you but does no damage.
The centaur hits you with a +0 trident.
* * * LOW HITPOINT WARNING * * *
The centaur closely misses you. The centaur hits you with a +0 halberd.
* * * LOW HITPOINT WARNING * * *
The centaur kicks you.
* * * LOW HITPOINT WARNING * * *
Unknown command.
Unknown command.
Unknown command.
You shoot a sling bullet.
The sling bullet hits the centaur but does no damage.
The centaur is severely wounded.
The centaur closely misses you. x2; The centaur hits you with a +0 trident!
You die...

≈≈.≈≈.⌠..≈≈≈≈≈..⌠.≈≈.≈≈≈#
≈≈≈)≈...c.≈≈≈.....≈.≈≈≈≈#
≈≈≈.≈≈≈.........≈≈≈.≈≈≈≈#
≈≈≈≈..≈≈≈.....≈≈≈..≈≈≈≈≈#
≈≈≈≈≈≈.(≈#...#≈).≈≈≈≈≈≈≈#
≈≈≈≈≈≈≈≈(#.).#)≈≈≈≈≈≈≈≈##
#≈≈≈≈≈≈≈≈#)..#≈≈≈≈≈≈≈≈##
##≈≈≈≈≈≈≈#.c.#≈≈≈≈≈≈≈##
#########@''#########
##.......)c).[)......##
##................)....##
##.......⌠#######⌠.......##
#≈..).#####..)..#####.)..≈#
#≈...##....≈≈≈≈≈....##...≈#
#≈...#.⌠.≈≈≈...≈≈≈.⌠.#...≈#
#≈...#..≈≈).≈.≈..≈≈..#...≈#
#≈..⌠#.≈≈.≈≈≈.≈≈≈.≈≈.#⌠..≈#


You could see 2 centaurs.

Vanquished Creatures
  A troll (D:6)
  Sigmund (D:6)
  Eustachio (D:4)
  A water moccasin (D:6)
  8 orc warriors
  An ice beast (D:6)
  A black bear (D:6)
  A sky beast (D:6)
  2 ogres (D:6)
  9 centaurs
  A kobold brigand (Sewer)
  3 bullfrogs
  2 necrophages
  A scorpion (D:6)
  4 wights (D:6)
  2 howler monkeys (D:6)
  A crimson imp (D:3)
  5 hounds
  4 jellies
  A gnoll bouda (D:6)
  3 orc priests (D:5)
  Terence (D:3)
  2 iguanas
  5 orc wizards
  Natasha (thrice) (D:3)
  5 gnolls
  An adder (D:6)
  3 worms
  3 dart slugs
  35 orcs
  7 ball pythons
  4 bats
  4 endoplasms
  4 giant cockroaches
  6 goblins
  3 hobgoblins
  8 kobolds
  4 quokkas
  5 frilled lizards
  2 goblin zombies (D:3)
  3 hobgoblin zombies (D:3)
  A kobold skeleton (D:3)
  2 kobold zombies (D:3)
  An orc skeleton (D:3)
  11 rats
176 creatures vanquished.

Vanquished Creatures (others)
  6 plants
6 creatures vanquished.

Grand Total: 182 creatures vanquished

Notes
Turn   | Place    | Note
-------+----------+-------------------------------------------
     0 | D:5      | drugrobin the Demigod Delver began the quest for the Orb.
     0 | D:5      | Reached XP level 1. HP: 18/18 MP: 3/3
    51 | D:5      | Reached skill level 2 in Unarmed Combat
   139 | D:5      | Noticed an orc wizard
   468 | D:2      | Identified the +5 robe of Sinaum {rN+ Str+7}
   525 | D:2      | Reached XP level 2. HP: 25/25 MP: 4/4
   938 | D:1      | Reached skill level 3 in Unarmed Combat
  2053 | D:2      | Found a runed translucent door.
  2054 | D:2      | Noticed Crazy Yiuf
  2160 | D:2      | Reached XP level 3. HP: 27/30 MP: 5/5
  2329 | D:3      | Found the +7 Kryia's mail coat {PotionHeal*2 rC+}
  2335 | D:3      | Identified the +9 flail "Ygiyp" {flame, Str+2 SInv}
  2651 | D:3      | Noticed Terence
  2685 | D:3      | Killed Terence
  2686 | D:3      | Reached skill level 4 in Unarmed Combat
  2686 | D:3      | Reached XP level 4. HP: 31/37 MP: 6/6
  2855 | D:3      | Noticed Natasha
  2862 | D:3      | Killed Natasha
  2914 | D:3      | Noticed Natasha
  2921 | D:3      | Killed Natasha
  2922 | D:3      | Reached skill level 5 in Unarmed Combat
  2922 | D:3      | Reached XP level 5. HP: 42/42 MP: 7/7
  3032 | D:3      | Noticed Ijyb
  3122 | D:3      | Noticed Natasha
  3127 | D:3      | Killed Natasha
  3952 | D:4      | Noticed Eustachio
  3967 | D:4      | Killed Eustachio
  3968 | D:4      | Reached skill level 6 in Unarmed Combat
  3968 | D:4      | Reached XP level 6. HP: 50/50 MP: 8/8
  4328 | D:4      | Reached skill level 7 in Unarmed Combat
  4880 | D:5      | Reached XP level 7. HP: 41/56 MP: 9/9
  5252 | D:5      | Learned a level 3 spell: Confusing Touch
  5352 | D:5      | Reached skill level 8 in Unarmed Combat
  5692 | D:5      | Reached skill level 1 in Spellcasting
  5935 | D:6      | Learned a level 1 spell: Summon Small Mammal
  5939 | D:6      | Learned a level 1 spell: Slow
  5956 | D:6      | Reached XP level 8. HP: 65/66 MP: 10/14
  6081 | D:6      | Noticed Sigmund
  6124 | D:6      | Found a glowing drain.
  6129 | Sewer    | Entered a sewer
  6560 | D:6      | Killed Sigmund
  6561 | D:6      | Reached skill level 9 in Unarmed Combat
  7079 | D:6      | Noticed a troll
  7092 | D:6      | Killed a troll
  7093 | D:6      | Reached skill level 10 in Unarmed Combat
  7353 | D:6      | Reached XP level 9. HP: 62/71 MP: 18/18
  7687 | D:7      | Found a transporter.
  7728 | D:7      | Found a flagged portal.
  7743 | Bailey   | Entered a bailey
  8462 | Bailey   | Reached skill level 11 in Unarmed Combat
  9672 | Bailey   | Reached skill level 5 in Dodging
 10101 | Bailey   | Slain by a centaur

Illustrated notes

Levels and vault maps discovered:
D:1:      dpeg_arrival_stonehenge_8_columns, layout_basic, nicolae_grassy_gnolls
D:2:      layout_basic, shapermc_ecumenical_altar_mp_vishouse, serial_bayou,
          serial_bayou_ford_a, serial_bayou_pond_c, serial_bayou_shore_a,
          serial_bayou_crossing, uniq_crazy_yiuf_cottage
D:3:      layout_loops_ring, nicolae_tso_besieged_by_evil,
          nicolae_dithmenos_the_darkroom, uniq_terence, uniq_ijyb, uniq_natasha
D:4:      nicolae_cairo_tiling, layout_loops_ring,
          mainiacjoe_overflow_six_doors_small, lemuel_crystal_altar,
          uniq_eustachio
D:5:      layout_loops_ring
D:6:      minmay_opposing_rooms, layout_basic, okawaru_trees_2,
          elyvilon_altar_1, portal_sewer_entry_e, st_stairs_12,
          kennysheep_cross_bottleneck, uniq_sigmund
D:7:      gammafunk_beogh_shrine, layout_basic, amcnicky_altar_gilded,
          lemuel_doored_altar, cheibriados_altar_1,
          mainiacjoe_overflow_concentric_impassable, temple_hall,
          enter_bailey_3, serial_curves, eino_curves_01, eino_curves_04
Bailey:   bailey_polearm_flooded_kennysheep, bailey

Skill      XL: |  1  2  3  4  5  6  7  8  9 |
---------------+----------------------------+-----
Unarmed Combat | 2 3 4 5 6 7 8 10 11 | 11.3
Fighting       | 3 4 |  4.0
Spellcasting   | 2 4 |  4.0
Dodging        | 5 |  5.1
Stealth        | |  4.5

Action                   |  1- 3 |  4- 6 |  7- 9 || total
-------------------------+-------+-------+-------++-------
Melee: Unarmed           |   198 |   113 |   332 ||   643
       Punch             |     3 |     7 |    21 ||    31
       Flail             |     1 |    20 |    22 ||    43
       Whip              |       |       |    31 ||    31
 Fire: Sling             |     5 |    20 |   228 ||   253
Throw: Javelin           |     1 |     2 |    10 ||    13
       Dart              |       |       |    26 ||    26
 Cast: Slow              |       |       |     5 ||     5
       Confusing Touch   |       |       |     4 ||     4
       Summon Small Mamm |       |       |     3 ||     3
  Use: Scroll            |     1 |       |     4 ||     5
       Potion            |       |       |     5 ||     5
 Stab: Sleeping          |     8 |     2 |     6 ||    16
       Confused          |       |       |     2 ||     2
Armor: Leather armour    |     8 |       |       ||     8
       Robe              |    24 |    21 |    90 ||   135
       Scale mail        |    24 |    29 |   166 ||   219
       Troll leather arm |       |       |    14 ||    14
       Skin              |       |       |    22 ||    22
Dodge: Dodged            |    98 |    80 |   393 ||   571
Block: Buckler           |       |       |    80 ||    80

Table legend: (Time is in decaauts)
 A = Elapsed time spent in this place.
 B = Non-inter-level travel time spent in this place.
 C = Inter-level travel time spent in this place.
 D = Time resting spent in this place.
 E = Time spent auto-exploring this place.
 F = Levels seen in this place.
 G = Mean time per level.
                   A        B        C        D        E       F      G
               +--------+--------+--------+--------+--------+-----+--------+
         Total |  10255 |  10068 |    187 |   1804 |   4989 |   9 | 1139.4 |
       Dungeon |   7341 |   7154 |    187 |    528 |   4505 |   7 | 1048.7 |
         Sewer |    409 |    409 |      0 |    247 |     50 |   1 |  409.0 |
        Bailey |   2505 |   2505 |      0 |   1029 |    434 |   1 | 2505.0 |
               +--------+--------+--------+--------+--------+-----+--------+

Top non-repeatable levels by time:
  Bailey: 2505 daAuts
     D:6: 1439 daAuts
     D:5: 1353 daAuts
     D:3: 1245 daAuts
     D:1: 1228 daAuts
     D:4: 1079 daAuts
     D:2: 937 daAuts
   Sewer: 409 daAuts
     D:7: 56 daAuts
